 Dungeon Crawl Stone Soup version 0.28-a0-1143-gcf6077d4cc (webtiles) character file.

Game seed: 18098147879408198903

168 ducksouse the Changer (level 5, -2/41 HPs)
             Began as a Draconian Transmuter on Dec 13, 2021.
             Killed by divine providence
             ... invoked by an orc priest
              (13 damage)
             ... on level 3 of the Dungeon.
             The game lasted 00:11:23 (3890 turns).

ducksouse the Changer (Draconian Transmuter)        Turns: 3890, Time: 00:11:25

Health: -2/41      AC:  6    Str: 12    XL:     5   Next: 24%
Magic:  9/9        EV: 12    Int: 14    God:
Gold:   107        SH:  0    Dex: 13    Spells: 3/9 levels left

rFire   . . .      SeeInvis .   d - +4 war axe
rCold   + . .      Faith    .   (no shield)
rNeg    . . .      Spirit   .   (armour unavailable)
rPois   .          Reflect  .   (helmet restricted)
rElec   .          Harm     .   (no cloak)
rCorr   .          Rampage  .   (no gloves)
Will    .....                   e - +0 pair of boots
Stlth   +.........              (no amulet)
HPRegen 0.13/turn               g - ring of protection from cold
MPRegen 0.11/turn               (no ring)

@: studying Translocations
A: AC +5, unfitting armour, cold-blooded
a: no special abilities


You were on level 3 of the Dungeon.
You visited 1 branch of the dungeon, and saw 3 of its levels.

You collected 107 gold pieces.

Inventory:

Hand Weapons
 b - a +0 short sword
 d - a +4 war axe (weapon)
Missiles
 a - 74 stones (quivered)
Armour
 e - a +0 pair of boots (worn)
Jewellery
 g - a ring of protection from cold (left hand)
Scrolls
 f - a scroll of blinking {unknown}
 j - a scroll of identify {unknown}
Potions
 c - a potion of might {unknown}
 h - a potion of brilliance {unknown}
 i - a potion of degeneration {unknown}


   Skills:
 + Level 1.7 Fighting
 - Level 1.8 Short Blades
 + Level 0.2 Throwing
 + Level 2.4 Dodging
 + Level 0.5 Stealth
 + Level 3.3 Unarmed Combat
 + Level 2.7 Spellcasting
 * Level 3.4 Transmutations


You had 3 spell levels left.
You knew the following spells:

 Your Spells              Type           Power      Damage    Failure   Level
a - Beastly Appendage     Tmut           22%        N/A       5%          1
b - Wereblood             Tmut           11%        N/A       9%          2
c - Spider Form           Tmut/Pois      6%         N/A       32%         3

Your spell library contained the following spells:

 Spells                   Type           Power      Damage    Failure   Level
 Blink                    Tloc           2%         N/A       32%         2
 Ice Form                 Ice/Tmut       6%         N/A       73%         4
 Manifold Assault         Tloc           1%         N/A       99%         5
 Storm Form               Tmut/Air       3%         N/A       100%        7


Dungeon Overview and Level Annotations

Branches:
Dungeon (3/15)

Altars:
Cheibriados


Innate Abilities, Weirdness & Mutations

Your plain brown scales are hard. (AC +5)
You cannot fit into any form of body armour.
You are cold-blooded and may be slowed by cold attacks.


Message History

You kill the orc!
Things that are here:
a +0 hand axe; an orc corpse An orc comes into view.
It is wielding a +0 hand axe.
You hit the orc.
The orc is heavily wounded.
The orc barely misses you.
You slash the orc!
You kill the orc!
Things that are here:
a +0 hand axe; an orc corpse The orc hits you with a +0 hand axe.
Things that are here:
a +0 hand axe; an orc corpse You closely miss the orc.
The orc hits you with a +0 hand axe. The orc closely misses you.
You completely miss the orc. The orc hits you with a +0 hand axe.
You closely miss the orc. The orc hits you with a +0 hand axe.
The orc closely misses you.
The orc priest shouts!
You slash the orc!
You kill the orc!
Things that are here:
a +0 dagger; a +0 robe; an orc corpse The orc priest barely misses you.
You hit the orc priest.
The orc priest is moderately wounded.
The orc priest looks braver for a moment.
The orc priest hits you with a +0 trident!
You slash the orc priest!
The orc priest is severely wounded.
The orc priest calls down the wrath of Beogh upon you.
Beogh smites you!
You closely miss the orc priest.
The orc priest is severely wounded.
The orc priest hits you with a +0 trident.
* * * LOW HITPOINT WARNING * * *
The orc priest mumbles some strange prayers to Beogh against you.
Beogh smites you!
You die...

#####.##...........
#......########.###
#.###..# #.# #.# #..# ##'##
####.###..# ##...##
..#.##...# ##.....#
#.#.##...# ##.......
.#.####.#.##...####........
......)))o@..)...['........
....###.#......#.##........
# #.###...##.###....... ..#
#>.###.# ##.....# #####...#
#.# ##...## #..## #.# ##'##
#..# #.# #.# .... #.# #.#
##... ##.##


You could see an orc priest.

Vanquished Creatures
  An orc wizard (D:3)
  A mummy (D:3)
  6 adders
  An ufetubus (D:3)
  A worm (D:3)
  6 orcs (D:3)
  5 ball pythons
  4 bats
  8 endoplasms
  A giant cockroach (D:2)
  5 goblins
  5 hobgoblins
  8 jackals
  A quokka (D:1)
  2 frilled lizards
  5 kobolds
  3 rats
63 creatures vanquished.

Notes
Turn   | Place    | Note
-------+----------+-------------------------------------------
     0 | D:1      | ducksouse the Draconian Transmuter began the quest for the
                  | Orb.
     0 | D:1      | Reached XP level 1. HP: 16/16 MP: 3/3
   256 | D:1      | Reached XP level 2. HP: 23/23 MP: 3/5
  1016 | D:1      | Reached XP level 3. HP: 13/28 MP: 4/6
  1221 | D:1      | Found a faded altar of an unknown god.
  1592 | D:2      | Learned a level 2 spell: Wereblood
  1655 | D:2      | Reached skill level 1 in Short Blades
  2097 | D:2      | Reached XP level 4. HP: 15/35 MP: 4/7
  3017 | D:3      | Found a snail-covered altar of Cheibriados.
  3022 | D:3      | Learned a level 3 spell: Spider Form
  3390 | D:3      | HP: 1/35 [something/magic dart (5)]
  3839 | D:3      | Reached XP level 5. HP: 38/40 MP: 7/9
  3890 | D:3      | Killed from afar by an orc priest

Illustrated notes

Levels and vault maps discovered:
D:1:      psy_arrival_basics, layout_basic, dilly_ecumenical_altar_fadedgnrine,
          corexii_leaking_fountain
D:2:      layout_basic
D:3:      layout_loops_corners, slow_altar_2,
          chequers_temple_overflow_minitemple, chequers_serial_rivers_room_b,
          kennysheep_generic_room_5

Skill      XL: |  1  2  3  4 |
---------------+-------------+-----
Dodging        | 2 |  2.4
Short Blades   | 1 |  1.8
Transmutations | 3 |  3.4
Fighting       | |  1.7
Throwing       | |  0.2
Stealth        | |  0.5
Unarmed Combat | |  3.3
Spellcasting   | |  2.7

Action                   |  1- 3 |  4- 6 || total
-------------------------+-------+-------++-------
Melee: Unarmed           |    13 |     4 ||    17
       Short sword       |   106 |    67 ||   173
       Tailslap          |    11 |     7 ||    18
       Kick              |    13 |     9 ||    22
       Headbutt          |     6 |     8 ||    14
       Punch             |     2 |     1 ||     3
       War axe           |       |    14 ||    14
Throw: Stone             |    10 |       ||    10
 Cast: Beastly Appendage |    16 |    11 ||    27
       Wereblood         |     2 |     3 ||     5
       Spider Form       |       |     1 ||     1
  Use: Scroll            |       |     1 ||     1
 Stab: Sleeping          |       |     1 ||     1
Armor: Skin              |    37 |    28 ||    65
Dodge: Dodged            |    85 |    37 ||   122

Table legend: (Time is in decaauts)
 A = Elapsed time spent in this place.
 B = Non-inter-level travel time spent in this place.
 C = Inter-level travel time spent in this place.
 D = Time resting spent in this place.
 E = Time spent auto-exploring this place.
 F = Levels seen in this place.
 G = Mean time per level.
                   A        B        C        D        E       F      G
               +--------+--------+--------+--------+--------+-----+--------+
         Total |   3916 |   3851 |     65 |   1350 |   1421 |   3 | 1305.3 |
       Dungeon |   3916 |   3851 |     65 |   1350 |   1421 |   3 | 1305.3 |
               +--------+--------+--------+--------+--------+-----+--------+

Top non-repeatable levels by time:
     D:1: 1570 daAuts
     D:2: 1240 daAuts
     D:3: 1105 daAuts
